 Dungeon Crawl Stone Soup version 0.31-a0-455-g1a7b003ef0 (webtiles) character file.

Game seed: 12027589757843396194

126 lunkers the Insei (level 5, -1/40 HPs)
             Began as a Meteoran Shapeshifter on Aug 3, 2023.
             Slain by an orc
             ... wielding a +0 short sword
              (4 damage)
             ... on level 4 of the Dungeon.
             The game lasted 00:03:38 (1399 turns).

lunkers the Insei (Meteoran Shapeshifter)           Turns: 1399, Time: 00:03:38

Health: -1/40      AC:  4    Str: 18    XL:     5   Next: 58%
Magic:  6/6        EV: 13    Int:  9    God:
Gold:   152        SH:  0    Dex: 17    Spells: 4/4 levels left

rFire   . .          .
                       - Unarmed
rCold   . . .        (no shield)
rNeg    . . .        o - +2 robe "Feot" {Str+2}
rPois   .            (helmet currently unavailable)
rElec   .            (cloak currently unavailable)
rCorr   .            (gloves currently unavailable)
SInv    .            (boots currently unavailable)
Will    .....        m - amulet of the acrobat
Stlth   +            (no ring)
HPRegen 0.26/turn    (no ring)
MPRegen 0.10/turn

%: acrobat
@: beast-form, glowing
A: beast (slay +3), sense surroundings 1, otherworldly, glowing, explore regen
a: Begin Untransformation


You were on level 4 of the Dungeon.
You were a hulking beast.
You visited 1 branch of the dungeon, and saw 4 of its levels.

You collected 152 gold pieces.

Inventory:

Armour
 a - a +0 animal skin
 e - a +0 ring mail
 n - a scarf of shadows
 o - the +2 robe "Feot" (worn) {Str+2}
   (You found it on level 3 of the Dungeon)

   Str:       It affects your strength (+2).
Jewellery
 m - an amulet of the acrobat (around neck)
Talismans
 c - a beast talisman (active)
Scrolls
 f - a scroll of immolation {unknown}
 g - 2 scrolls of teleportation {unknown}
 h - 3 scrolls of identify {unknown}
 i - a scroll of noise {unknown}
Potions
 b - a potion of lignification
 d - 3 potions of heal wounds {unknown}
 j - 2 potions of mutation {unknown}
 k - a potion of attraction {unknown}
 l - a potion of enlightenment {unknown}
 p - a potion of magic {unknown}


   Skills:
 - Level 1.1 Fighting
 - Level 2.4 Dodging
 * Level 5.9 Unarmed Combat
 + Level 4.5 Shapeshifting


You had 4 spell levels left.
You didn't know any spells.
Your spell library contained the following spells:

 Spells                   Type           Power      Damage    Failure   Level
 Kiss of Death            Conj/Necr      0%         2d5       38%         1
 Confusing Touch          Hex            0%         N/A       77%         3
 Gell's Gravitas          Tloc           0%         N/A       77%         3
 Teleport Other           Tloc           0%         N/A       77%         3
 Dispel Undead            Necr           0%         3d6       99%         4
 Dispersal                Tloc           0%         N/A       100%        6


Dungeon Overview and Level Annotations

Branches:
Dungeon (4/15) Zot: 1012
 Temple: D:4-7

Altars:


Innate Abilities, Weirdness & Mutations

You are a hulking beast.
Your limbs bulge with bestial killing power. (Slay +3)
You passively map a small area around you.
You are easily found by Zot.
You glow in the dark.
You regain HP and MP as you explore.


Message History

The orc closely misses you. The orc barely misses you.
The orc completely misses you.
You closely miss the orc.
The orc is almost dead.
The orc hits you but does no damage. The orc closely misses you.
The orc hits you but does no damage.
You are electrocuted!
* * * LOW HITPOINT WARNING * * *
You punch the orc!
You kill the orc!
The orc hits you with a +0 flail.
* * * LOW HITPOINT WARNING * * *
The orc hits you with a +0 club.
* * * LOW HITPOINT WARNING * * *
You hit the orc.
You kill the orc!
The orc misses you.
Unknown command.
You hit the orc.
The orc is heavily wounded.
Unknown command.
You punch the orc!
You kill the orc!
The orc hits you but does no damage.
Unknown command.
You hit the orc.
The orc is almost dead.
The orc hits you with a +0 short sword.
* * * LOW HITPOINT WARNING * * *
The orc hits you with a +0 club.
* * * LOW HITPOINT WARNING * * *
You hit the orc.
The orc is heavily wounded.
The orc hits you with a +0 short sword.
* * * LOW HITPOINT WARNING * * *
The orc hits you but does no damage.
Unknown command.
You barely miss the orc.
The orc is heavily wounded.
The orc hits you with a +0 short sword.
You die...

### * ,* #.# , *
, #.## *, ####*
#..## *, * ...
#...# ** , , .
*#.#####...##
...##..........#
#.....o<.......#
, #goh.(....##*
** , ,
#.#####...# , ,
, .., #...# *
..#** #†..# * #.
* #...# * # ###
#...#
..#*###...## * *
#.##).....# , ,
, , *#..#.##.#.#
* *


You could see 2 orcs and a hobgoblin.

Vanquished Creatures
  7 adders
  2 worms (D:2)
  A dart slug (D:1)
  3 orcs (D:4)
  2 endoplasms (D:1)
  3 giant cockroaches
  2 goblins
  5 hobgoblins (D:1)
  8 jackals (D:2)
  4 quokkas
  4 ball pythons
  2 bats
  4 frilled lizards
  2 kobolds (D:3)
  2 rats (D:1)
51 creatures vanquished.

Notes
Turn   | Place    | Note
-------+----------+-------------------------------------------
     0 | D:1      | lunkers the Meteoran Shapeshifter began the quest for the
                  | Orb.
     0 | D:1      | Reached XP level 1. HP: 16/16 MP: 2/2
   224 | D:1      | Reached XP level 2. HP: 23/23 MP: 3/3
   249 | D:1      | Reached skill level 4 in Unarmed Combat
   316 | D:1      | Reached XP level 3. HP: 6/28 MP: 4/4
   450 | D:2      | Identified the +0 plate armour of the Sneaky Teeth {Fly
                  | rF++ rC-}
   497 | D:2      | Reached XP level 4. HP: 34/35 MP: 5/5
   530 | D:2      | Reached skill level 5 in Unarmed Combat
   899 | D:3      | Identified the +2 robe "Feot" {Str+2}
  1316 | D:4      | Reached XP level 5. HP: 40/40 MP: 6/6
  1399 | D:4      | Slain by an orc

Illustrated notes

Levels and vault maps discovered:
D:1:      sevenhm_arrival_forest_fort_large_2, layout_loops_ring,
          minmay_misc_feat_ornament, minmay_misc_feat_roman
D:2:      layout_rooms, serial_curves, eino_curves_02, eino_curves_03,
          minmay_pentomino_w2
D:3:      layout_loops_ring
D:4:      layout_loops_cross, st_stairs_1, goddamned_bats

Skill      XL: |  1  2  3  4 |
---------------+-------------+-----
Unarmed Combat | 4 5 |  5.9
Shapeshifting  | 4 |  4.5
Fighting       | |  1.1
Dodging        | |  2.4

Action                     |  1- 3 |  4- 6 || total
---------------------------+-------+-------++-------
  Melee: Unarmed           |    67 |    69 ||   136
         Punch             |       |     1 ||     1
 Armour: Ring mail         |    26 |     9 ||    35
         Robe              |       |     8 ||     8
  Dodge: Dodged            |    33 |    31 ||    64

Table legend: (Time is in decaauts)
 A = Elapsed time spent in this place.
 B = Non-inter-level travel time spent in this place.
 C = Inter-level travel time spent in this place.
 D = Time resting spent in this place.
 E = Time spent auto-exploring this place.
 F = Levels seen in this place.
 G = Mean time per level.
                   A        B        C        D        E       F      G
               +--------+--------+--------+--------+--------+-----+--------+
         Total |   1387 |   1312 |     75 |      0 |    942 |   4 |  346.8 |
       Dungeon |   1387 |   1312 |     75 |      0 |    942 |   4 |  346.8 |
               +--------+--------+--------+--------+--------+-----+--------+

Top non-repeatable levels by time:
     D:3: 583 daAuts
     D:1: 417 daAuts
     D:2: 300 daAuts
     D:4: 86 daAuts
